 Dungeon Crawl Stone Soup version 0.31-a0-202-g547052bce9 (webtiles) character file.

Game seed: 406566759755907332

241 rabbitsville the Firebug (level 6, -1/45 HPs)
             Began as a Hill Orc Fire Elementalist on June 27, 2023.
             Was an Initiate of Hepliaklqana.
             Slain by a sleepcap (18 damage)
             ... on level 4 of the Dungeon.
             The game lasted 00:16:15 (3219 turns).

rabbitsville the Firebug (HOFE)                     Turns: 3219, Time: 00:16:15

Health: -1/45      AC:  5    Str: 11    XL:     6   Next: 8%
Magic:  0/10       EV:  2    Int: 17    God:    Hepliaklqana [......]
Gold:   168        SH:  0    Dex: 11    Spells: 7/10 levels left

rFire   . . .        m - +2 dagger (holy)
rCold   . . .        (no shield)
rNeg    + . .        i - +1 robe {rN+}
rPois   .            n - +0 helmet
rElec   .            (no cloak)
rCorr   .            o - +0 pair of gloves
SInv    .            (no boots)
Will    .....        (no amulet)
Stlth   ++           (no ring)
HPRegen 0.27/turn    (no ring)
MPRegen 0.12/turn

%: no passive effects
@: sleeping
A: no striking features
a: Renounce Religion


You were on level 4 of the Dungeon.
You worshipped Hepliaklqana.
Hepliaklqana was noncommittal.
You visited 1 branch of the dungeon, and saw 5 of its levels.

You collected 204 gold pieces.
You spent 36 gold pieces at shops.

Inventory:

Hand Weapons
 e - a +0 dagger
 j - a +2 heavy spear
 m - a +2 dagger of holy wrath (weapon)
Armour
 a - a +0 robe
 i - a +1 robe of positive energy (worn)
 n - a +0 helmet (worn)
 o - a +0 pair of gloves (worn)
Wands
 k - a wand of mindburst (9)
Scrolls
 d - 2 scrolls of teleportation
 h - a scroll of identify
 l - a scroll of silence {unknown}
Potions
 b - 2 potions of attraction {unknown}
 c - 6 potions of curing {unknown}
 f - 3 potions of heal wounds
 g - a potion of degeneration {unknown}


   Skills:
 - Level 1.5 Dodging
 - Level 1.5 Stealth
 + Level 2.8 Spellcasting
 * Level 2.0 Conjurations
 * Level 5.9 Fire Magic


You had 7 spell levels left.
You knew the following spells:

 Your Spells              Type           Power      Damage    Failure   Level
a - Foxfire               Conj/Fire      64%        2x1d7     3%          1
b - Scorch                Fire           44%        2d7       2%          2

Your spell library contained the following spells:

 Spells                   Type           Power      Damage    Failure   Level
 Inner Flame              Hex/Fire       12%        N/A       16%         3
 Volatile Blastmotes      Fire/Tloc      24%        2d12      16%         3
 Flame Wave               Conj/Fire      16%        2d7       34%         4
 Vhi's Electric Charge    Tloc/Air       4%         N/A       47%         3
 Arcjolt                  Conj/Air       2%         1d12      97%         5
 Plasma Beam              Fire/Air       6%         2x1d16    100%        6


Dungeon Overview and Level Annotations

Branches:
Dungeon (5/15)
 Temple: D:4-7

Altars:
Elyvilon
Hepliaklqana
Ru
Xom

Shops:
D:2 ?

Annotations:
D:3 Grinder, Sigmund
D:4 Pikel


Message History

The sleepcap attacks as you move away!
The sleepcap releases spores at you but does no damage.
You conjure some foxfire!
The sleepcap closely misses you.
You hit the sleepcap but do no damage.
The sleepcap is heavily damaged.
The foxfire hits the sleepcap but does no damage.
The sleepcap is heavily damaged.
The foxfire hits the sleepcap but does no damage.
The sleepcap is heavily damaged.
The sleepcap barely misses you. The sleepcap attacks as you move away!
The sleepcap misses you.
You see here an iguana corpse.
The sleepcap attacks as you move away! The sleepcap releases spores at you.
You conjure some foxfire!
The sleepcap releases spores at you.
You hit the sleepcap but do no damage.
You punch the sleepcap, but do no damage.
The sleepcap is heavily damaged.
The foxfire hits the sleepcap.
The sleepcap is heavily damaged.
The foxfire hits the sleepcap.
The sleepcap is severely damaged.
The sleepcap releases spores at you. The sleepcap attacks as you move away!
The sleepcap barely misses you. The sleepcap attacks as you move away!
The sleepcap barely misses you.
You are too injured to fight recklessly!
Casting: Foxfire (safe; 3% risk of failure)
Press: ? - help, Q - select action, (/) - cycle Dir - look around, f - activate You conjure some foxfire!
The sleepcap misses you.
You hit the sleepcap but do no damage.
The sleepcap is severely damaged.
The foxfire hits the sleepcap.
The sleepcap is severely damaged.
The foxfire hits the sleepcap.
The sleepcap is severely damaged.
The sleepcap releases spores at you.
You are engulfed in a cloud of soporific spores!
You fall asleep.
The sleepcap releases spores at you!!
You die...

. ......<...##..##.#.
..#f.#
#........#........
......##...............#
#........##........#
......#.........))#
.....#......))...##
#..#.......)....##
#......†§......).###
###...†.@......).).#
#....#.f......)>.)##
##...#....##....###
###...######.### #####
###


You could see a sleepcap.

Vanquished Creatures
  A lemure (D:4)
  A jelly (D:4)
  An iguana (D:4)
  Ijyb (D:3)
  Terence (D:2)
  Robin (D:4)
  4 adders
  A worm (D:4)
  A dart slug (D:1)
  9 endoplasms
  A giant cockroach (D:1)
  16 goblins
  7 hobgoblins
  14 jackals
  4 quokkas
  6 ball pythons
  4 bats
  3 kobolds
  4 rats (D:1)
80 creatures vanquished.

Vanquished Creatures (others)
  218 foxfires
218 creatures vanquished.

Grand Total: 298 creatures vanquished

Notes
Turn   | Place    | Note
-------+----------+-------------------------------------------
     0 | D:1      | rabbitsville the Hill Orc Fire Elementalist began the quest
                  | for the Orb.
     0 | D:1      | Reached XP level 1. HP: 14/14 MP: 3/3
   176 | D:1      | Reached XP level 2. HP: 20/20 MP: 1/4
   461 | D:1      | Reached skill level 4 in Fire Magic
   673 | D:1      | Reached XP level 3. HP: 26/26 MP: 3/6
  1142 | D:2      | You fall into a shaft and drop 2 floors!
  1153 | D:4      | Found a sacrificial altar of Ru.
  1166 | D:4      | Learned a level 2 spell: Scorch
  1217 | D:3      | Noticed Grinder
  1228 | D:4      | Reached XP level 4. HP: 33/33 MP: 3/7
  1294 | D:4      | Noticed a lemure
  1294 | D:4      | Noticed a lemure
  1343 | D:4      | Killed a lemure
  1374 | D:4      | Noticed a lemure
  1375 | D:4      | Noticed a lemure
  1377 | D:4      | Noticed Pikel
  1382 | D:3      | Paralysed by Grinder for 3 turns
  1679 | D:2      | Found Zilit's Magic Scroll Boutique.
  1683 | D:2      | Bought a scroll of teleportation for 36 gold pieces
  1756 | D:2      | Reached skill level 5 in Fire Magic
  1793 | D:2      | Noticed Terence
  1800 | D:2      | Killed Terence
  2204 | D:2      | Reached XP level 5. HP: 38/38 MP: 5/8
  2411 | D:3      | Found a shimmering altar of Xom.
  2411 | D:3      | Noticed Ijyb
  2418 | D:3      | Killed Ijyb
  2550 | D:3      | Noticed Sigmund
  2721 | D:4      | Found a white marble altar of Elyvilon.
  2721 | D:4      | Found a hazy altar of Hepliaklqana.
  2731 | D:4      | Became a worshipper of Hepliaklqana the Forgotten
  2785 | D:5      | Entered Level 5 of the Dungeon
  2816 | D:5      | Noticed a black bear
  3031 | D:4      | Noticed Robin
  3055 | D:4      | Killed Robin
  3180 | D:4      | Reached XP level 6. HP: 40/45 MP: 0/10
  3219 | D:4      | Slain by a sleepcap

Illustrated notes

Levels and vault maps discovered:
D:1:      dpeg_arrival_tiny_c, layout_basic
D:2:      layout_basic, serial_shops, nicolae_shop_rolled_up, uniq_terence
D:3:      layout_basic, nicolae_sif_muna_condensation,
          yredelemnul_forgotten_temple_becter, mainiacjoe_overflow_alcove_1,
          mainiacjoe_overflow_24_doors, uniq_ijyb, uniq_sigmund, uniq_grinder
D:4:      layout_cave_pools, grunt_temple_overflow_open,
          mainiacjoe_overflow_chevrons, uniq_pikel, uniq_robin
D:5:      layout_basic, lemuel_crystal_altar

Skill      XL: |  1  2  3  4  5 |
---------------+----------------+-----
Fire Magic     | 4 5 |  5.9
Spellcasting   | 2 |  2.8
Conjurations   | 2 |  2.0
Dodging        | |  1.5
Stealth        | |  1.5

Action                     |  1- 3 |  4- 6 || total
---------------------------+-------+-------++-------
  Melee: Unarmed           |     7 |       ||     7
         Dagger            |    14 |    10 ||    24
         Spear             |       |    24 ||    24
         Punch             |       |     1 ||     1
   Cast: Foxfire           |    48 |    82 ||   130
         Scorch            |       |     9 ||     9
    Use: Scroll            |       |     2 ||     2
         Potion            |       |     3 ||     3
   Stab: Sleeping          |     1 |       ||     1
 Armour: Robe              |     5 |    21 ||    26
  Dodge: Dodged            |    11 |    54 ||    65

Table legend: (Time is in decaauts)
 A = Elapsed time spent in this place.
 B = Non-inter-level travel time spent in this place.
 C = Inter-level travel time spent in this place.
 D = Time resting spent in this place.
 E = Time spent auto-exploring this place.
 F = Levels seen in this place.
 G = Mean time per level.
                   A        B        C        D        E       F      G
               +--------+--------+--------+--------+--------+-----+--------+
         Total |   3235 |   3124 |    111 |    485 |   1443 |   5 |  647.0 |
       Dungeon |   3235 |   3124 |    111 |    485 |   1443 |   5 |  647.0 |
               +--------+--------+--------+--------+--------+-----+--------+

Top non-repeatable levels by time:
     D:2: 1131 daAuts
     D:1: 1084 daAuts
     D:4: 557 daAuts
     D:3: 281 daAuts
     D:5: 181 daAuts
